 Dungeon Crawl Stone Soup version 0.31-a0-236-g9a0961fb85 (webtiles) character file.

Game seed: 1715465924253276154

1637 qw the Skirmisher (level 8, -2/71 HPs)
             Began as a Minotaur Hexslinger on July 10, 2023.
             Slain by a wight
             ... wielding a +0 long sword
              (4 damage)
             ... on level 6 of the Dungeon.
             The game lasted 00:01:50 (3863 turns).

qw the Skirmisher (Minotaur Hexslinger)             Turns: 3863, Time: 00:01:50

Health: -2/71      AC:  6    Str: 12    XL:     8   Next: 66%
Magic:  8/8        EV: 13    Int: 10    God:
Gold:   103        SH:  0    Dex: 16    Spells: 8/9 levels left

rFire   . . .        Y - +4 sling
rCold   + . .        (no shield)
rNeg    . . .        k - +3 leather armour {rC+}
rPois   .            (helmet restricted)
rElec   .            (no cloak)
rCorr   .            (no gloves)
SInv    .            (no boots)
Will    .....        (no amulet)
Stlth   +            (no ring)
HPRegen 0.31/turn    (no ring)
MPRegen 0.11/turn

%: no passive effects
@: marked
A: horns 2, retaliatory headbutt
a: no special abilities


You were on level 6 of the Dungeon.
You visited 1 branch of the dungeon, and saw 6 of its levels.

You collected 265 gold pieces.
You spent 162 gold pieces at shops.


Innate Abilities, Weirdness & Mutations

You have a pair of horns on your head.
You reflexively headbutt those who attack you in melee.


   Skills:
 + Level 6.5 Fighting
 - Level 10.0 Ranged Weapons
 - Level 1.3 Armour
 - Level 4.1 Dodging
 - Level 1.0 Spellcasting
 - Level 2.0 Hexes


You had 8 spell levels left.
You knew the following spells:

 Your Spells              Type           Power      Damage    Failure   Level
a - Slow                  Hex            16%        N/A       19%         1

Your spell library contained the following spells:

 Spells                   Type           Power      Damage    Failure   Level
 Inner Flame              Hex/Fire       2%         N/A       65%         3
 Portal Projectile        Hex/Tloc       4%         N/A       65%         3
 Cause Fear               Hex            2%         N/A       88%         4

Inventory:

Hand Weapons
 Y - a +4 sling (weapon)
Armour
 a - a +1 ring mail of fire resistance
 h - the +0 ring mail "Zeufay" {Harm Drain +Inv Dex+5}
   (You found it on level 4 of the Dungeon)

   Dex:       It affects your dexterity (+5).
   +Inv:      It lets you turn invisible.
   Drain:     It drains your maximum health when unequipped.
   Harm:      It increases damage dealt and taken.
 k - a +3 leather armour of cold resistance (worn)
Jewellery
 b - a ring of fire
 f - a ring of ice
Wands
 d - a wand of digging (5)
Scrolls
 i - 2 scrolls of identify
Potions
 c - 2 potions of enlightenment
 e - a potion of resistance
 g - 2 potions of haste
 l - 2 potions of mutation

Dungeon Overview and Level Annotations

Branches:
Dungeon (6/15)             Temple (0/1) D:6

Altars:
Sif Muna
Trog
Xom
The Shining One

Shops:
D:4 *

Annotations:
D:6 Grinder, Menkaure


Message History

Menkaure, Prince of Dust comes into view.
The hound bites you.
You shoot a sling bullet. The sling bullet hits the jelly.
The jelly is heavily wounded.
The jelly hits you but does no damage. The orc priest completely misses you.
You furiously retaliate!
You headbutt the orc priest. The orc hits you with a +0 club.
The hound barely misses you. You furiously retaliate!
You headbutt the hound! You shoot a sling bullet.
The sling bullet closely misses the hound.
The sling bullet hits the jelly.
The jelly is moderately wounded.
The hound barely misses you.
The orc priest hits you but does no damage.
The orc completely misses you. The jelly closely misses you.
You furiously retaliate!
You headbutt the jelly. You shoot a sling bullet.
The sling bullet closely misses the hound.
The sling bullet hits the jelly.
The jelly is moderately wounded.
The hound misses you. You furiously retaliate!
You headbutt the hound.
You kill the hound!
The jelly closely misses you. You furiously retaliate!
You headbutt the jelly.
The orc priest begins to cast a cantrip, but forgets the words!
The orc hits you but does no damage.
You shoot a sling bullet. The sling bullet hits the jelly.
You kill the jelly!
The wight barely misses you. The orc misses you.
The orc priest hits you with a +0 dagger.
The black bear bites you but does no damage.
The black bear claws you but does no damage.
The black bear claws you.
Your Dodging skill increases to level 4!
You shoot a sling bullet.
The sling bullet hits the orc priest but does no damage.
The orc priest is heavily wounded.
The black bear bites you but does no damage.
The black bear misses you. The black bear claws you.
The wight hits you with a +0 long sword.
You die...

.# .####### #..#
........ ....
...#### #..#
...####### #..#
...'.....######.M.
...#####.##....zz#
.#######.##....oo#
..............lz@+
########.##....h.#
##)##...5J..
#............
#5.)..........
#.....#####....
h..##.# .....
###.##..# .$....
#.# .#


You could see Grinder, a black bear, Menkaure, an iguana, a jelly, 3 wights, an
orc priest and an orc.

Vanquished Creatures
  Prince Ribbit (D:5)
  Sigmund (D:2)
  A wyvern (D:6)
  Edmund (D:5)
  2 black bears
  An ogre (D:4)
  A centaur (D:6)
  A scorpion (D:5)
  A howler monkey (D:4)
  5 hounds
  2 jellies
  3 orc priests
  A sleepcap (D:6)
  2 iguanas
  2 orc wizards
  Robin (D:4)
  3 gnolls (D:5)
  4 adders
  A worm (D:4)
  A dart slug (D:4)
  5 orcs
  3 endoplasms
  A giant cockroach (D:2)
  13 hobgoblins
  8 jackals
  4 kobolds
  2 quokkas
  4 ball pythons
  6 bats
  9 goblins
  5 rats
95 creatures vanquished.

Notes
Turn   | Place    | Note
-------+----------+-------------------------------------------
     0 | D:1      | qw the Minotaur Hexslinger began the quest for the Orb.
     0 | D:1      | Reached XP level 1. HP: 16/16 MP: 1/1
     0 | D:1      | 0 ||| qw: Version: 0.3-a-52-g30416fa
     0 | D:1      | 0 ||| qw: Game counter: 4733
     0 | D:1      | 0 ||| qw: Melee chars always use a shield: true
     0 | D:1      | 0 ||| qw: God list: Okawaru
     0 | D:1      | 0 ||| qw: Allow faded altars: false
     0 | D:1      | 0 ||| qw: Do Orc after clearing Dungeon:15 true
     0 | D:1      | 0 ||| qw: Do second Lair branch before Depths: true
     0 | D:1      | 0 ||| qw: Lair rune preference: random
     0 | D:1      | 0 ||| qw: Goals: Normal
     0 | D:1      | 0 ||| PLANNING D:1-11
   175 | D:1      | Reached skill level 3 in Ranged Weapons
   175 | D:1      | Reached XP level 2. HP: 18/23 MP: 2/2
   721 | D:1      | 721 ||| UPGRADING to +0 leather armour.
   731 | D:1      | 731 ||| DROPPING +0 robe.
   732 | D:1      | 732 ||| READING scroll labelled ATUICK RUOM.
   733 | D:1      | 733 ||| READING scroll labelled NAUF FAZOECWA.
   734 | D:1      | 734 ||| READING scroll labelled NUPNOL KAXA.
   737 | D:1      | 737 ||| DROPPING scroll of poison.
   872 | D:2      | Reached XP level 3. HP: 29/29 MP: 3/3
   952 | D:2      | Found a faded altar of an unknown god.
  1125 | D:2      | Noticed Sigmund
  1141 | D:2      | Killed Sigmund
  1142 | D:2      | Reached skill level 6 in Ranged Weapons
  1142 | D:2      | Reached XP level 4. HP: 21/36 MP: 4/4
  1142 | D:2      | Reached XP level 5. HP: 24/41 MP: 5/5
  1419 | D:2      | 1419 ||| READING scroll labelled LAGHAO METUNKA.
  1420 | D:2      | 1420 ||| READING scroll labelled FEOPIXEO CUCRI.
  1421 | D:2      | 1421 ||| DRINKING 3 clear potions.
  1422 | D:2      | 1422 ||| DRINKING 2 pink potions.
  1423 | D:2      | 1423 ||| DROPPING potion of attraction.
  1614 | D:3      | Found a shimmering altar of Xom.
  1617 | D:3      | Found a bloodstained altar of Trog.
  1622 | D:3      | Found a shimmering blue altar of Sif Muna.
  1753 | D:3      | Reached skill level 3 in Fighting
  1968 | D:3      | 1968 ||| UPGRADING to +0 ring mail.
  1978 | D:3      | 1978 ||| DROPPING +0 leather armour.
  1979 | D:3      | 1979 ||| READING scroll labelled MEDOET LUGEQ.
  1980 | D:3      | 1980 ||| READING 2 scrolls of identify.
  1980 | D:3      | 1980 ||| IDENTIFYING smoky orange potion
  1981 | D:3      | 1981 ||| DROPPING potion of lignification.
  2001 | D:4      | 2001 ||| STAIRDANCE
  2005 | D:3      | Reached skill level 1 in Armour
  2005 | D:3      | Reached XP level 6. HP: 42/51 MP: 6/6
  2038 | D:4      | 2038 ||| STAIRDANCE
  2297 | D:4      | Identified the +0 ring mail "Zeufay" {Harm Drain +Inv
                  | Dex+5}
  2428 | D:4      | Found Takacs's Assorted Antiques.
  2437 | D:4      | 2437 ||| BUYING dyed leather armour (120 gold).
  2437 | D:4      | Bought a dyed leather armour for 120 gold pieces
  2437 | D:4      | 2437 ||| BUYING golden potion (21 gold).
  2437 | D:4      | Bought a golden potion for 21 gold pieces
  2437 | D:4      | 2437 ||| BUYING sapphire potion (21 gold).
  2437 | D:4      | Bought a sapphire potion for 21 gold pieces
  2437 | D:4      | 2437 ||| SHOPLISTING scroll labelled HYRPHO PIJ BYGU (24
                  | gold, have 3).
  2437 | D:4      | 2437 ||| SHOPLISTING scroll of enchant weapon (180 gold,
                  | have 3).
  2488 | D:4      | Reached skill level 7 in Ranged Weapons
  2488 | D:4      | Reached XP level 7. HP: 60/60 MP: 7/7
  2510 | D:4      | 2510 ||| READING scroll of enchant weapon.
  2510 | D:4      | 2510 ||| ENCHANTING +2 sling.
  2523 | D:4      | Noticed Robin
  2544 | D:4      | Killed Robin
  2667 | D:4      | Found a glowing golden altar of the Shining One.
  2743 | D:4      | 2743 ||| UPGRADING to +3 leather armour of cold resistance.
  2753 | D:4      | 2753 ||| DROPPING +0 ring mail.
  2754 | D:4      | 2754 ||| READING 2 scrolls labelled GOLLUMEICE.
  2755 | D:4      | 2755 ||| DRINKING 2 viscous purple potions.
  2765 | D:4      | 2765 ||| DRINKING 2 golden potions.
  2766 | D:4      | 2766 ||| READING 2 scrolls of identify.
  2766 | D:4      | 2766 ||| IDENTIFYING sapphire potion
  2767 | D:4      | 2767 ||| DROPPING potion of ambrosia.
  2768 | D:4      | 2768 ||| DROPPING scroll of revelation.
  2784 | D:5      | Entered Level 5 of the Dungeon
  2828 | D:5      | Noticed Edmund
  2848 | D:5      | HP: 15/60 [Edmund/+0 dire flail of holy wrath (4)]
  2849 | D:5      | 2849 ||| READING scroll of teleportation.
  2851 | D:5      | Killed Edmund
  2852 | D:5      | Reached skill level 8 in Ranged Weapons
  2969 | D:5      | 2969 ||| FLEEEEING.
  2970 | D:5      | 2970 ||| FLEEEEING.
  2971 | D:5      | 2971 ||| FLEEEEING.
  2977 | D:5      | 2977 ||| FLEEEEING.
  2978 | D:5      | 2978 ||| FLEEEEING.
  2979 | D:5      | 2979 ||| STAIRDANCE
  2997 | D:4      | 2997 ||| READING scroll labelled LOETRUOZEH.
  3001 | D:5      | 3001 ||| STAIRDANCE
  3153 | D:5      | Reached skill level 3 in Dodging
  3252 | D:5      | 3252 ||| READING scroll of enchant weapon.
  3252 | D:5      | 3252 ||| ENCHANTING +3 sling.
  3370 | D:5      | Reached XP level 8. HP: 59/68 MP: 8/8
  3370 | D:5      | 3370 ||| FLEEEEING.
  3371 | D:5      | 3371 ||| FLEEEEING.
  3389 | D:5      | Reached skill level 9 in Ranged Weapons
  3547 | D:5      | Noticed Prince Ribbit
  3560 | D:5      | Killed Prince Ribbit
  3561 | D:5      | Reached skill level 6 in Fighting
  3719 | D:5      | 3719 ||| READING 3 scrolls of identify.
  3719 | D:5      | 3719 ||| IDENTIFYING fizzy orange potion
  3730 | D:6      | Found a staircase to the Ecumenical Temple.
  3731 | D:6      | 3731 ||| PLANNING OSSUARY
  3841 | D:6      | Noticed Grinder
  3844 | D:6      | Reached skill level 10 in Ranged Weapons
  3849 | D:6      | HP: 16/71 [iguana (4)]
  3850 | D:6      | 3850 ||| READING scroll of teleportation.
  3858 | D:6      | HP: 9/71 [hound (3)]
  3858 | D:6      | Noticed Menkaure
  3862 | D:6      | HP: 3/71 [black bear (4)]
  3863 | D:6      | Slain by a wight

Levels and vault maps discovered:
D:1:      lightli_arrival_noodles, layout_basic
D:2:      layout_basic, hellmonk_ecumenical_altar_arch_garden, uniq_sigmund
D:3:      layout_rooms, grunt_temple_overflow_diamond, amcnicky_mini_pool_small
D:4:      layout_cave_pools, nicolae_tso_swordbearing_angel, serial_shops,
          nicolae_lakefront_shop, serial_column_ruins, column_ruins_square_huge,
          column_ruins_columns_straight, column_ruins_grid_2,
          column_ruins_corridor_straight, column_ruins_open_tiny, uniq_robin
D:5:      layout_basic, uniq_prince_ribbit1, uniq_edmund
D:6:      layout_basic, minmay_temple_entry_drinking_statues,
          nicolae_ossuary_entry_catacombs, lightli_orcish_oven,
          uniq_blork_the_orc, uniq_grinder, uniq_menkaure

Skill      XL: |  1  2  3  4  5  6  7  8 |
---------------+-------------------------+-----
Ranged Weapons | 3 6 7 8 10 | 10.0
Fighting       | 2 3 4 5 6 |  6.5
Armour         | 1 |  1.3
Dodging        | 3 4 |  4.1
Spellcasting   | |  1.0
Hexes          | |  2.0

Action                     |  1- 3 |  4- 6 |  7- 9 || total
---------------------------+-------+-------+-------++-------
   Fire: Sling             |    83 |   119 |   199 ||   401
    Use: Scroll            |     3 |     4 |     8 ||    15
         Potion            |       |     2 |     2 ||     4
 Armour: Robe              |     7 |       |       ||     7
         Leather armour    |     2 |    15 |    30 ||    47
         Ring mail         |       |    14 |     4 ||    18
  Dodge: Dodged            |    28 |    45 |   105 ||   178

Table legend:
 A = Non-vault XP
 B = Vault XP
 C = Vault XP percentage of total XP
 D = Non-vault monster count
 E = Vault monster count
 F = Vault count percentage of total count
                 A         B        C        D         E       F
            +---------+---------+-------+---------+---------+-------
      Total |    1644 |     695 |  29.7 |      80 |      15 |  15.8
            +---------+---------+-------+---------+---------+-------
        D:1 |      26 |       0 |   0.0 |      16 |       0 |   0.0
        D:2 |      36 |     223 |  86.1 |      14 |       1 |   6.7
        D:3 |     129 |       0 |   0.0 |      13 |       0 |   0.0
        D:4 |     406 |      36 |   8.1 |      12 |      12 |  50.0
        D:5 |     520 |     436 |  45.6 |      18 |       2 |  10.0
        D:6 |     527 |       0 |   0.0 |       7 |       0 |   0.0
            +---------+---------+-------+---------+---------+-------
